Map: Jagannatha EC

Players

Rom

  • Race: Protoss Protoss
  • League: Grandmaster

Arrogfire - Winner!

  • Race: Protoss Protoss
  • League: Grandmaster

VOD

Have the link to the VOD?

Description

Time

  • Played on: July 10, 2021, 9:10 a.m.
  • Length: 8:19
Show
View Real Time Build Order
Export as new Build Order

Rom Protoss 

Build Orders:  

Get SALT Encoding   

  12  0:00  Probe  
  13  0:12  Probe  
  14  0:17  Pylon  
  14  0:24  Probe (Chrono Boost)  
  15  0:37  Probe (Chrono Boost)  
  15  0:38  Gateway  
  16  0:45  Probe (Chrono Boost)  
  16  0:46  Assimilator  
  17  0:51  Probe  
  17  0:55  Assimilator  
  18  1:03  Probe (Chrono Boost)  
  19  1:13  Probe (Chrono Boost)  
  19  1:15  Gateway  
  19  1:17  Probe (Chrono Boost)  
  21  1:25  Cybernetics Core  
  21  1:29  Probe  
  22  1:40  Pylon  
  22  1:41  Probe  
  23  2:00  Probe, Warp Gate (Chrono Boost)  
  24  2:01  Stalker  
  24  2:02  Stalker  
  28  2:20  Pylon  
  28  2:33  Sentry  
  30  2:42  Robotics Facility  
  30  2:46  Probe  
  30  2:48  Sentry  
  33  2:56  Nexus  
  33  3:03  Shield Battery  
  33  3:10  Adept  
  35  3:21  Pylon, Shield Battery  
  35  3:36  Immortal (Chrono Boost)  
  39  3:54  Sentry, Stalker  
  43  4:02  Shield Battery  
  43  4:13  Immortal  
  47  4:25  Shield Battery  
  47  4:27  Stalker  
  49  4:34  Stalker  
  51  4:44  Shield Battery  
  51  4:59  Probe  
  48  5:00  Probe  
  48  5:02  Adept x2  
  48  5:11  Probe  
  48  5:22  Warp Prism  
  48  5:37  Probe  
  47  5:47  Stalker x2  
  46  5:50  Probe x2  
  48  6:07  Probe (Chrono Boost)  
  48  6:10  Probe (Chrono Boost)  
  48  6:11  Adept x2  
  48  6:18  Probe (Chrono Boost)  
  52  6:24  Probe x2 (Chrono Boost)  
  54  6:33  Adept  
  54  6:36  Probe  
  49  6:41  Adept  
  49  6:42  Probe  
  50  6:49  Probe  
  50  6:54  Sentry  
  51  7:09  Stalker  
  53  7:16  Probe x2  
  53  7:20  Adept  
  53  7:21  Immortal  
  54  7:46  Probe  
  54  7:49  Adept x2  
  47  8:09  Pylon  
  41  8:12  Adept x2  
Show
View Real Time Build Order
Export as new Build Order

Arrogfire Protoss - Winner!

Build Orders:  

Get SALT Encoding   

  12  0:00  Probe  
  13  0:12  Probe  
  14  0:17  Pylon  
  14  0:24  Probe (Chrono Boost)  
  16  0:37  Probe (Chrono Boost), Gateway  
  16  0:42  Probe (Chrono Boost)  
  16  0:46  Assimilator  
  17  0:51  Probe  
  17  0:55  Assimilator  
  18  1:03  Probe (Chrono Boost)  
  19  1:08  Gateway  
  19  1:13  Probe (Chrono Boost)  
  19  1:18  Probe (Chrono Boost)  
  20  1:25  Cybernetics Core  
  21  1:30  Probe  
  22  1:36  Pylon  
  22  1:42  Probe  
  23  1:54  Probe  
  24  2:01  Robotics Facility  
  24  2:02  Warp Gate  
  24  2:05  Stalker  
  26  2:13  Stalker  
  29  2:23  Pylon  
  28  2:38  Stalker  
  28  2:43  Stalker  
  31  2:48  Immortal (Chrono Boost)  
  35  3:03  Gateway  
  35  3:09  Sentry  
  37  3:17  Warp Prism (Chrono Boost)  
  39  3:29  Pylon  
  39  3:50  Immortal  
  39  3:53  Pylon  
  41  3:58  Sentry  
  41  4:02  Stalker  
  45  4:28  Immortal (Chrono Boost)  
  49  4:39  Adept x2  
  49  4:40  Adept  
  55  4:47  Pylon  
  55  5:09  Immortal (Chrono Boost)  
  51  5:14  Sentry  
  51  5:17  Adept  
  57  5:50  Immortal (Chrono Boost)  
  57  5:55  Adept x3  
  61  5:59  Pylon  
  47  6:26  Immortal (Chrono Boost)  
  47  6:31  Sentry  
  47  6:32  Adept  
  55  6:33  Adept  
  55  6:59  Immortal  
  57  7:17  Sentry, Adept x2  
  61  7:46  Immortal (Chrono Boost)  
  63  7:56  Stalker  
  63  7:57  Stalker  
  63  8:01  Stalker  
Tags
 
Add a new tag
Caveats
  • Supply blocks, unpowered buildings, or Contaminate may cause inaccurate times.
  • Supply counts are checked every 10 seconds.